 Dungeon Crawl Stone Soup version 0.15.2 (webtiles) character file.

350 nohabloinglescabron the Insei (level 6, -9/47 HPs)
             Began as a Mummy Monk on Apr 22, 2015.
             Killed by an exploding giant spore (27 damage)
             ... on Level 6 of the Dungeon.
             The game lasted 00:26:10 (8406 turns).

nohabloinglescabron the Insei (Mummy Monk)          Turns: 8406, Time: 00:26:10

HP  -9/47        AC  3     Str 14      XL: 6   Next: 34%
MP   6/6         EV 13     Int  9      God:
Gold 247         SH  0     Dex 16      Spells:  0 memorised,  5 levels left

rFire  x . .     SeeInvis .       - Unarmed
rCold  + . .     Clarity  .     (no armour)
rNeg   + + +     rCorr    .     (no shield)
rPois  +         rRot     +     (no helmet)
rElec  .         Spirit   .     (no cloak)
SustAb +         Warding  .     (no gloves)
rMut   .         Stasis   .     l - +2 pair of boots
Gourm  .                        (no amulet)
MR     .....                    (no ring)
                                m - cursed ring of sustain abilities

@: not resistant to hostile enchantments, unstealthy
A: no food or potions, fire vulnerability, restore body, cold resistance 1,
negative energy resistance 3, poison resistance, torment resistance, unbreathing
a: no special abilities


You were on level 6 of the Dungeon.
You were not hungry.

You visited 1 branch of the dungeon, and saw 6 of its levels.

You collected 247 gold pieces.


Innate Abilities, Weirdness & Mutations

You do not eat or drink.
Your flesh is vulnerable to fire.
Your flesh is cold resistant.
You are immune to negative energy.
Your system is resistant to poisons.
You are immune to unholy pain and torment.
You can survive without breathing.


   Skills:
 - Level 3.0 Fighting
 - Level 2.5 Dodging
 - Level 1.7 Stealth
 + Level 6.3 Unarmed Combat


You had 5 spell levels left.
You didn't know any spells.

Inventory:

Armour
 l - a +2 pair of boots (worn)
Comestibles
 b - a slice of pizza
 d - 2 meat rations (quivered)
 f - a beef jerky
 i - 4 bread rations
Scrolls
 a - a scroll of fear {unknown}
 c - 2 scrolls of fog
 e - 4 scrolls of remove curse
 g - a scroll of magic mapping {unknown}
 h - a scroll of teleportation
 j - 2 scrolls of noise {!r}
 k - a scroll of immolation {unknown}
 n - a scroll of enchant weapon {unknown}
 o - 2 scrolls of blinking {unknown}
Jewellery
 m - a cursed ring of sustain abilities (left hand)

Dungeon Overview and Level Annotations

Branches:
Dungeon (6/15)             Temple (0/1) D:4

Altars:
Elyvilon
Fedhas
Kikubaaqudgha
Nemelex Xobeh
Trog
Xom
Yredelemnul
Zin

......... .........
. ##$....... ...
###..........
....###............
.....#.<#..........
#....#..........
##...#..........
..#...@.........
....#............
.. ##..........
#..........
##.........
#........ #.......
#...... #...


There were no monsters in sight!


Message History

Deactivating autopickup; reactivate with Ctrl-A.
Something hits you but does no damage.
You barely miss something. Something hits you. Something shocks you.
You closely miss something. Something hits you. Something shocks you.
There is a stone staircase leading up here.
There is a stone staircase leading up here.
There is a stone staircase leading up here.
There is a stone staircase leading up here.
There is a stone staircase leading up here.
There is a stone staircase leading up here.
A giant spore comes into view.
Enter note: fine Unknown command.
You hit something but do no damage. You punch something. Something hits you.
Something shocks you.
Enter note: Unknown command.
Read which item? (? for menu, Esc to quit)
Okay, then.
The floor.
A sky beast appears from thin air!
Reactivating autopickup.
The sky beast flickers out of sight!
Deactivating autopickup; reactivate with Ctrl-A.
Something hits you. Something shocks you.
* * * LOW HITPOINT WARNING * * *
The giant spore explodes!
The explosion of spores engulfs you!
Ouch! That really hurt!
You die...

Action                   |  1- 3 |  4- 6 || total
-------------------------+-------+-------++-------
Melee: Unarmed           |   165 |   309 ||   474
  Use: Scroll            |       |     7 ||     7
 Stab: Sleeping          |     4 |     1 ||     5

Vault maps used:
D:1:      nagdon_arrival_double_spiral, hangedman_decor_growths
D:2:      lemuel_round_altar, gammafunk_temple_overflow_forgotten
D:3:      first_bread, minmay_cut_off, uniq_jessica
D:4:      grunt_temple_overflow_cloverleaf, temple_hall
D:5:      eino_tiny_chamber
D:6:      serial_shops, shop, shop, shop

Notes
Turn   | Place    | Note
--------------------------------------------------------------
     0 | D:1      | nohabloinglescabron, the Mummy Monk, began the quest for the Orb.
     0 | D:1      | Reached XP level 1. HP: 18/18 MP: 1/1
   763 | D:1      | Reached XP level 2. HP: 21/24 MP: 2/2
  2044 | D:1      | Reached skill level 4 in Unarmed Combat
  2044 | D:1      | Reached XP level 3. HP: 8/29 MP: 3/3
  3081 | D:2      | Artagel: dem novelty accounts
  3082 | D:2      | Artagel: :D
  3092 | D:2      | nohabloinglescabron: can you guess what we ended up playing last night? :D
  3284 | D:2      | Found a blossoming altar of Fedhas.
  3292 | D:2      | Artagel: tera NA?
  3295 | D:2      | Artagel: :D
  3296 | D:2      | Found a shimmering altar of Xom.
  3301 | D:2      | Found a glowing silver altar of Zin.
  3301 | D:2      | Found a sparkling altar of Nemelex Xobeh.
  3324 | D:2      | nohabloinglescabron: oh jesus
  3324 | D:2      | nohabloinglescabron: hopefully never again
  3337 | D:2      | nohabloinglescabron: maybe if the gunner shows up and I'm in the mood I guess
  3337 | D:2      | nohabloinglescabron: but that's unlikely
  3416 | D:2      | Reached XP level 4. HP: 32/35 MP: 4/4
  3468 | D:3      | nohabloinglescabron: btw should I actually check this dfo out?
  3483 | D:3      | Noticed Jessica
  3501 | D:3      | Killed Jessica
  3791 | D:3      | Artagel: well
  3794 | D:3      | Artagel: we are all having fun
  3794 | D:3      | Artagel: do you like fun?
  3837 | D:3      | nohabloinglescabron: Indeed!
  3860 | D:3      | Artagel: I've actually tricked two from my regular stack into rolling some dudes and they're also having fun
  3971 | D:3      | nohabloinglescabron: hm
  3971 | D:3      | Artagel: and the monk is awesome in it
  3971 | D:3      | Artagel: like throughly awesome
  3971 | D:3      | nohabloinglescabron: how solid is the grapplan?
  4035 | D:3      | Artagel: I could stream you a run from the grapplan if you want
  4234 | D:3      | Artagel: it is exceptionally solid actually
  4234 | D:3      | nohabloinglescabron: hm
  4234 | D:3      | nohabloinglescabron: well I need something to try out until god hand 2 is out!
  4234 | D:3      | nohabloinglescabron: or 2011 arrives
  4253 | D:3      | Artagel: >2011
  4306 | D:3      | Artagel: >ever arriving
  4306 | D:3      | nohabloinglescabron: aaany minute now
  4461 | D:3      | Reached skill level 5 in Unarmed Combat
  4561 | D:3      | Artagel: But yeah, the grappler classes essentially say fuck you to letting monsters act much
  4715 | D:3      | pls no fast
  4715 | D:3      | Artagel: because their control is solid and you can usually punish most actions with at least an interrupt
  4720 | D:3      | Artagel: !
  4720 | D:3      | \o/
  4720 | D:3      | Artagel: no fast confirmed
  4720 | D:3      | nohabloinglescabron: I still feel like the overall game doesn't have much potential for actual mp interaction
  4720 | D:3      | nohabloinglescabron: which seems like kind of a bummer
  4827 | D:4      | Found a white marble altar of Elyvilon.
  4832 | D:4      | Found a basalt altar of Yredelemnul.
  4837 | D:4      | Found an ancient bone altar of Kikubaaqudgha.
  4843 | D:4      | Found a bloodstained altar of Trog.
  4882 | D:4      | Reached XP level 5. HP: 36/41 MP: 5/5
  5188 | D:4      | Found a staircase to the Ecumenical Temple.
  5337 | D:4      | Artagel: Hm, which game?
  5508 | D:4      | nohabloinglescabron: deefo!
  5549 | D:4      | nohabloinglescabron: from the footage I saw anyway
  5750 | D:4      | Noticed a phantom
  5761 | D:4      | Artagel: I dunno about that part - obviously some levelling content is bound to be trivial if you pick toppest top tier classes for it
  5981 | D:4      | Artagel: I'm running a duo consisting of rogue/witch with one of the dudes and the other setup is a trio of necro/battlemage/weaponmaster
  6439 | D:4      | nohabloinglescabron: hm
  6439 | D:4      | nohabloinglescabron: I guess I mite've gotten the wrong impression from the gameplay I saw
  6439 | D:4      | nohabloinglescabron: seemed a touch exceedingly straightforward
  6507 | D:4      | Artagel: dont die!
  6736 | D:4      | nohabloinglescabron: why I would never
  6867 | D:5      | Entered Level 5 of the Dungeon
  6868 | D:5      | Artagel: But sure, content isn't necessarily challenging - it's mostly the flow of combat being really fun
  6868 | D:5      | nohabloinglescabron: to be fair I probably overestimated tera's potential for fun when we rerolled NA
  6868 | D:5      | Artagel: The thing about the monk is that there is always much room for improvement
  6868 | D:5      | nohabloinglescabron: at least if you have to deal with the initial grind for quality of like stuff
  6881 | D:5      | Artagel: oh boy levelling crafts again
  6911 | D:5      | Artagel: together with levelling for like 100 hours
  6925 | D:5      | nohabloinglescabron: to be honest leveling was just fine since I was playing with the archer guy
  6925 | D:5      | nohabloinglescabron: but either he's impervious to the drag of rerolling the warrior with 100 more ping or is just hype as shit for endgame stuff
  6931 | D:5      | nohabloinglescabron: certainly not having the same feeling on the slayer over here anyway
  6950 | D:5      | Reached XP level 6. HP: 44/47 MP: 6/6
  6951 | D:5      | Artagel: I think he is high as fuck if he is feeling the warrior dream with higher latency
  6968 | D:5      | Reached skill level 6 in Unarmed Combat
  7070 | D:5      | nohabloinglescabron: I think he's on 160 or something :P
  7098 | D:5      | Artagel: But well, it's always harsh to enjoy pvp when you know that the enemy is bound to have a 100+ms advantage on reactions
  7100 | D:5      | Noticed an ogre
  7100 | D:5      | nohabloinglescabron: frankly it wasn't even that
  7100 | D:5      | nohabloinglescabron: you can't delay things or play with timings on my what
  7100 | D:5      | nohabloinglescabron: 190 ping?
  7100 | D:5      | Artagel: oh man
  7100 | D:5      | Artagel: you even have worse ping than I would have on NA :D
  7100 | D:5      | Artagel: superior spanish routing
  7100 | D:5      | nohabloinglescabron: of course I do
  7100 | D:5      | nohabloinglescabron: :D
  7100 | D:5      | Artagel: I lose 50ms going to mainland europe
  7100 | D:5      | Artagel: so in theory you should have a edge with about that!
  7100 | D:5      | nohabloinglescabron: I have no doubt I'm going to chicago through india most likely
  7100 | D:5      | nohabloinglescabron: but well
  7179 | D:5      | nohabloinglescabron: honestly though I can't imagine playing anything with block like that
  7194 | D:5      | nohabloinglescabron: like the lancer is fun as fuck but
  7247 | D:5      | Artagel: I always dislike when you feel forced to move from reactionary stuff to predicting it
  7258 | D:5      | Artagel: mostly because the game wont register it fast enough for it to matter
  7267 | D:5      | Artagel: >helpless into lightly wounded
  7267 | D:5      | Artagel: :D
  7267 | D:5      | nohabloinglescabron: soft fists
  7337 | D:5      | WHETHER TEMTRESS SENT OR WHETHER TEMPEST TOSSED THEE HERE ASHORE
  7831 | D:4      | nohabloinglescabron: haven't even logged in to see if karata's crap had sold
  7941 | D:4      | Artagel: ALERT
  7943 | D:4      | HP: 4/47 [orc priest/divine providence (10)]
  8234 | D:2      | nohabloinglescabron: yes well
  8234 | D:2      | nohabloinglescabron: fists need to grow more
  8251 | D:4      | Artagel: bandaged with the finest linen bandages
  8270 | D:4      | nohabloinglescabron: the roughest
  8270 | D:4      | nohabloinglescabron: and most manly
  8401 | D:6      | fine
  8406 | D:6      | Artagel: hm
  8406 | D:6      | Killed by an exploding giant spore

Vanquished Creatures
  4 worker ants
  An ogre skeleton (D:5)
  Jessica (D:3)
  A mummy (D:5)
  9 adders
  A giant mite (D:2)
  A worm (D:5)
  A giant gecko (D:2)
  An ooze (D:3)
  7 orcs
  5 giant cockroaches
  18 hobgoblins
  4 jackals (D:3)
  2 quokkas
  5 ball pythons
  12 bats
  4 giant newts
  9 goblins
  A goblin zombie (D:5)
  14 kobolds
  A kobold skeleton (D:5)
  10 rats
112 creatures vanquished.
